 Dungeon Crawl Stone Soup version 0.26-a0-667-g92642533e4 (webtiles) character file.

Game seed: 17904518871410794984

144 Notrik the Ogre Mage (level 5, -16/49 HPs)
             Began as an Ogre Venom Mage on Oct 16, 2020.
             Demolished by an ogre
             ... wielding a +0 giant club
              (22 damage)
             ... on level 3 of the Dungeon.
             The game lasted 00:22:39 (4880 turns).

Notrik the Ogre Mage (Ogre Venom Mage)              Turns: 4880, Time: 00:22:40

Health: -16/49     AC:  4    Str: 12    XL:     5   Next: 26%
Magic:  9/10       EV: 10    Int: 17    God:
Gold:   256        SH:  0    Dex:  9    Spells: 10/11 levels left

rFire    . . .     SeeInvis .   m - +1 short sword (protect)
rCold    . . .     Faith    .   (no shield)
rNeg     . . .     Spirit   .   a - +0 robe
rPois    .         Reflect  .   (helmet restricted)
rElec    .         Harm     .   j - +0 cloak
rCorr    .         Rampage  .   (gloves unavailable)
MR       .....                  (boots unavailable)
Stlth    +.........             (no amulet)
HPRegen  0.16/turn              (no ring)
MPRegen  0.12/turn              (no ring)

@: about to teleport
A: large, unfitting armour, tough skin 1
a: no special abilities


You were on level 3 of the Dungeon.
You visited 1 branch of the dungeon, and saw 4 of its levels.

You collected 256 gold pieces.

Inventory:

Hand Weapons
 m - a +1 short sword of protection (weapon)
   (You took it off an orc on level 3 of the Dungeon)
Missiles
 b - 2 throwing nets (quivered) {!f}
Armour
 a - a +0 robe (worn)
 j - a +0 cloak (worn)
   (You found it on level 2 of the Dungeon)
 q - a +2 cloak
   (You found it on level 3 of the Dungeon)
Scrolls
 d - 2 scrolls of remove curse {unknown}
 e - a scroll of immolation {unknown}
 f - 2 scrolls of fear {unknown}
 g - 2 scrolls of enchant armour {unknown}
 h - 3 scrolls of identify {unknown}
 i - 5 scrolls of teleportation {@r4}
Potions
 c - a potion of heal wounds {unknown}
 k - a potion of resistance {unknown}
 l - a potion of flight {unknown}
 n - a potion of curing {unknown}
 o - 2 potions of invisibility {unknown}
 p - a potion of haste {unknown}


   Skills:
 * Level 2.2 Fighting
 - Level 1.7 Dodging
 - Level 1.4 Stealth
 + Level 3.8 Spellcasting
 - Level 2.1 Transmutations
 + Level 3.6 Poison Magic


You had 10 spell levels left.
You knew the following spells:

 Your Spells              Type           Power        Failure   Level
a - Sting                 Tmut/Pois      ##..         4%          1

Your spell library contained the following spells:

 Spells                   Type           Power        Failure   Level
 Poisonous Vapours        Pois/Air       #.....       12%         2
 Ignite Poison            Fire/Tmut/Pois #.......     22%         3
 Mephitic Cloud           Conj/Pois/Air  #.......     28%         3
 Olgreb's Toxic Radiance  Pois           ###.....     34%         4


Dungeon Overview and Level Annotations

Branches:
Dungeon (4/15)
 Temple: D:4-7

Altars:
Gozag
Kikubaaqudgha
Ru
Zin
The Shining One

Annotations:
D:3 2 transporters, fritzmikael's ghost, amateur TeMo


Innate Abilities, Weirdness & Mutations

You are too large for most types of armour.
You have tough skin. (AC +1)


Message History

Aim: a worm (lightly wounded, poisoned)
The sting hits the worm.
The worm looks even sicker.
Aim: a worm (moderately wounded, very poisoned)
The sting misses the worm.
Aim: a worm (moderately wounded, very poisoned)
The sting hits the worm.
The worm looks even sicker.
An ogre comes into view. It is wielding a +0 giant club.
Aim: a worm (heavily wounded, very poisoned)
The sting hits the worm.
The worm looks as sick as possible!
The worm misses you.
You hit the worm.
Your weapon exudes an aura of protection.
You kill the worm!
A giant cockroach comes into view.
You can't go down here!
You climb upwards.
Level annotation: 2 transporters, fritzmikael's ghost, amateur TeMo
There is a stone staircase leading down here.
You start resting.
You climb downwards.
There is a stone staircase leading up, spattered with blood here.
You can't go down here!
You climb upwards.
Level annotation: 2 transporters, fritzmikael's ghost, amateur TeMo
There is a stone staircase leading down here.
You climb downwards.
The ogre barely misses you.
There is a stone staircase leading up, spattered with blood here.
You can't go down here!
Unknown command.
You can't go down here!
The ogre barely misses you.
You climb upwards.
Level annotation: 2 transporters, fritzmikael's ghost, amateur TeMo
There is a stone staircase leading down here.
You can't go up here!
Aim: an ogre, wielding a +0 giant club The sting hits the ogre.
The ogre is poisoned.
Aim: an ogre, wielding a +0 giant club (lightly wounded, poisoned)
The sting hits the ogre.
The ogre looks even sicker.
The ogre hits you with a +0 giant club!!
Ouch! That really hurt!
* * * LOW HITPOINT WARNING * * *
The ogre hits you with a +0 giant club!!
* * * LOW HITPOINT WARNING * * *
You see here a +0 dagger.
You see here a +0 mace.
As you read the scroll labeled MAPY NICRUNUANK, it crumbles to dust.
You feel strangely unstable.
It was a scroll of teleportation.
The ogre hits you with a +0 giant club!!
You die...

≈≈# ##.##.(###........#≈≈≈≈# #≈#
#..≈≈.≈≈.......≈≈#≈≈≈≈# ≈≈#
####.≈≈≈≈≈≈≈≈≈≈≈≈≈≈≈≈≈≈≈## ≈##
##....≈≈≈≈≈≈≈.≈≈≈≈.≈≈≈≈≈≈≈#
#######....≈≈≈≈≈≈≈.≈≈≈≈≈≈≈≈≈≈≈.##
.........##≈≈≈≈≈≈≈.≈≈≈≈≈≈≈≈≈≈≈.#
.#######.##≈≈≈≈#..≈..≈........##
########..#≈≈≈##.###.##########
..........#≈≈###@# #.#
..........#≈## #O###.#####
...>......#≈≈ #.<)......#
.....#...#### #.........#
....##.###.# ##.........#
_....÷.##..####.)........#
.......##.###.#..........####
....._..#.# #..>............##
......#...####...............##


You could see an ogre (poisoned).

Vanquished Creatures
  A gnoll (D:1)
  3 adders
  An ooze (D:2)
  2 worms
  A dart slug (D:1)
  6 leopard geckos
  7 orcs
  4 giant cockroaches
  3 goblins (D:1)
  8 hobgoblins
  11 jackals
  9 kobolds
  3 quokkas (D:3)
  7 bats
  2 frilled lizards (D:1)
  A leopard gecko zombie (D:3)
  10 rats
79 creatures vanquished.

Notes
Turn   | Place    | Note
-------+----------+-------------------------------------------
     0 | D:1      | Notrik the Ogre Venom Mage began the quest for the Orb.
     0 | D:1      | Reached XP level 1. HP: 16/16 MP: 3/3
   239 | D:1      | Reached skill level 1 in Transmutations
   309 | D:1      | Reached XP level 2. HP: 24/24 MP: 3/5
   466 | D:1      | Reached XP level 3. HP: 31/31 MP: 1/7
   692 | D:1      | You fall into a shaft and drop 1 floor!
   747 | D:2      | Found a sacrificial altar of Ru.
   975 | D:2      | Found an opulent altar of Gozag.
  2221 | D:1      | Reached XP level 4. HP: 39/39 MP: 5/9
  3781 | D:3      | Reached skill level 1 in Fighting
  3959 | D:3      | Found a glowing golden altar of the Shining One.
  3959 | D:3      | Found an ancient bone altar of Kikubaaqudgha.
  4085 | D:3      | Found a glowing silver altar of Zin.
  4266 | D:3      | Found a transporter.
  4268 | D:3      | Identified the +6 great mace of Mourning {spect, +Inv rPois
                  | Int+3 Stlth+}
  4334 | D:3      | Reached XP level 5. HP: 48/49 MP: 6/10
  4420 | D:3      | Noticed fritzmikael's ghost (amateur TeMo)
  4420 | D:3      | Identified the +6 great mace of Mourning {spect, +Inv rPois
                  | Int+3 Stlth+}
  4420 | D:3      | Noticed an ogre
  4420 | D:3      | Identified the +6 great mace of Mourning {spect, +Inv rPois
                  | Int+3 Stlth+}
  4421 | D:3      | Noticed an ogre
  4422 | D:3      | Found a transporter.
  4422 | D:3      | Noticed an ogre
  4824 | D:4      | Noticed an ogre
  4880 | D:3      | Demolished by an ogre

Illustrated notes

Levels and vault maps discovered:
D:1:      lightli_arrival_quake, layout_basic
D:2:      layout_basic, old_standard_altar, serial_glass, glass_columns_a,
          glass_columns_c, nicolae_ru_awakened_eye
D:3:      layout_rooms, zin_scriptorium, overflow_temple_1_default,
          overflow_temple_1_default, gammafunk_ghost_smash, serial_rivers,
          chequers_serial_rivers_large_a, chequers_serial_rivers_room_b,
          chequers_serial_rivers_small_3, chequers_serial_rivers_micro_e
D:4:      layout_layer_cave, okawaru_gym_becter, kennysheep_mini_moat,
          minivault_26, minmay_cut_off

Skill      XL: |  1  2  3  4  5 |
---------------+----------------+-----
Transmutations | 1 2 |  2.1
Spellcasting   | 3 |  3.8
Poison Magic   | 3 |  3.6
Fighting       | 1 2 |  2.2
Dodging        | |  1.7
Stealth        | |  1.4

Action                   |  1- 3 |  4- 6 || total
-------------------------+-------+-------++-------
Melee: Unarmed           |     7 |     1 ||     8
       Short sword       |       |     1 ||     1
 Cast: Sting             |    41 |   117 ||   158
  Use: Scroll            |       |     1 ||     1
Armor: Robe              |     8 |    27 ||    35
Dodge: Dodged            |    15 |    41 ||    56

Table legend: (Time is in decaauts)
 A = Elapsed time spent in this place.
 B = Non-inter-level travel time spent in this place.
 C = Inter-level travel time spent in this place.
 D = Time resting spent in this place.
 E = Time spent auto-exploring this place.
 F = Levels seen in this place.
 G = Mean time per level.
                   A        B        C        D        E       F      G
               +--------+--------+--------+--------+--------+-----+--------+
         Total |   4909 |   4601 |    308 |   1016 |   2791 |   4 | 1227.2 |
       Dungeon |   4909 |   4601 |    308 |   1016 |   2791 |   4 | 1227.2 |
               +--------+--------+--------+--------+--------+-----+--------+

Top non-repeatable levels by time:
     D:1: 1779 daAuts
     D:2: 1670 daAuts
     D:3: 1394 daAuts
     D:4: 65 daAuts
